Map: Inside and Out

Players

Rattata (Vanya)

  • Race: Zerg Zerg
  • League: Master
  • Spawn Location: 7:00

trigger - Winner!

  • Race: Protoss Protoss
  • League: Grandmaster
  • Spawn Location: 1:00

VOD

Have the link to the VOD?

Description

Time

  • Played on: Oct. 19, 2022, 12:35 p.m.
  • Length: 13:34
Show
View Real Time Build Order
Export as new Build Order

Rattata Zerg 

Build Orders: Pool First 

Get SALT Encoding   

  12  0:17  Spawning Pool  
  11  0:21  Drone  
  11  0:26  Drone  
  13  0:31  Drone  
  14  0:39  Overlord  
  14  1:05  Zergling x6  
  17  1:14  Hatchery  
  17  1:17  Zergling x2  
  17  1:27  Zergling x2  
  18  1:33  Queen  
  18  1:38  Drone  
  21  1:48  Overlord  
  21  2:00  Drone  
  22  2:08  Queen, Extractor  
  21  2:15  Drone  
  24  2:20  Drone  
  25  2:25  Queen  
  25  2:27  Drone  
  28  2:31  Drone  
  29  2:37  Drone  
  29  2:41  Zergling x2  
  31  2:45  Overlord  
  31  2:48  Drone  
  31  2:50  Drone  
  33  2:55  Drone  
  34  2:58  Drone  
  35  3:09  Drone  
  35  3:12  Drone  
  35  3:19  Metabolic Boost  
  34  3:22  Drone x4  
  38  3:37  Hatchery  
  38  3:38  Zergling x2  
  38  3:44  Zergling x4  
  40  3:49  Overlord  
  37  3:57  Drone x4  
  37  4:02  Drone x2  
  40  4:06  Drone x2  
  42  4:16  Queen  
  43  4:17  Drone x2  
  43  4:21  Zergling x4  
  43  4:22  Zergling x2  
  48  4:27  Queen  
  50  4:33  Roach Warren  
  50  4:37  Zergling x6  
  52  4:45  Overlord x2  
  52  4:55  Zergling x12  
  58  5:03  Queen  
  59  5:07  Drone x4  
  59  5:13  Drone x2  
  61  5:15  Drone  
  61  5:23  Spore Crawler, Overlord  
  61  5:25  Drone x2  
  59  5:36  Overlord  
  59  5:37  Drone  
  59  5:41  Drone  
  60  5:44  Spore Crawler, Drone  
  60  5:48  Drone x6  
  65  5:53  Lair  
  64  5:57  Zergling x8  
  64  6:01  Spore Crawler  
  67  6:06  Drone x3  
  67  6:07  Evolution Chamber  
  70  6:11  Drone  
  70  6:13  Drone  
  70  6:17  Drone x4  
  71  6:22  Overlord  
  71  6:24  Extractor  
  70  6:25  Extractor  
  70  6:26  Drone x5  
  74  6:35  Overlord  
  74  6:36  Drone x2  
  74  6:37  Drone  
  74  6:39  Zerg Melee Weapons Level 1  
  75  6:44  Overlord  
  73  6:53  Drone x7  
  78  6:55  Extractor  
  78  6:59  Extractor  
  78  7:00  Glial Reconstitution  
  76  7:05  Drone x2  
  76  7:06  Roach x5  
  88  7:12  Hatchery  
  88  7:13  Roach x2  
  91  7:20  Drone x2  
  91  7:21  Overlord  
  91  7:22  Roach  
  95  7:31  Overlord  
  95  7:32  Roach x5  
  105  7:39  Overlord  
  105  7:43  Drone  
  105  7:44  Drone x2  
  106  7:47  Overlord  
  108  7:51  Roach x5  
  108  7:55  Ravager x2  
  115  7:59  Baneling Nest  
  115  8:00  Drone x5  
  115  8:03  Overlord  
  115  8:04  Zergling x2  
  115  8:05  Zergling x4  
  124  8:13  Roach x2  
  124  8:14  Overseer  
  124  8:17  Overlord  
  126  8:22  Overlord x2  
  126  8:23  Zergling x6  
  126  8:25  Spore Crawler, Queen  
  130  8:29  Ravager x2  
  130  8:32  Zergling x16  
  140  8:36  Zerg Melee Weapons Level 2, Drone  
  140  8:37  Evolution Chamber  
  140  8:40  Zergling x6  
  143  8:42  Centrifugal Hooks  
  143  8:44  Overlord  
  143  8:49  Overlord  
  143  8:50  Zergling x8  
  147  9:00  Zergling x16  
  144  9:05  Zergling x12  
  146  9:14  Roach  
  146  9:15  Roach x5  
  144  9:18  Roach  
  130  9:25  Roach x4  
  127  9:33  Roach  
  127  9:34  Roach x2  
  127  9:35  Roach  
  132  9:41  Roach x3  
  132  9:42  Ravager  
  132  9:43  Hatchery, Ravager x3  
  141  9:45  Zerg Missile Weapons Level 1  
  141  9:54  Drone x8  
  141  9:59  Baneling  
  149  10:00  Baneling x8  
  149  10:12  Zergling x8  
  150  10:18  Hatchery  
  150  10:19  Zergling x12  
  154  10:30  Baneling  
  154  10:31  Baneling x2, Overlord  
  154  10:35  Zergling x14  
  161  10:45  Overlord  
  161  10:50  Baneling x20  
  161  10:53  Zergling x8  
  165  10:59  Zergling x10  
  170  11:06  Zergling x14  
  174  11:16  Zergling x10  
  176  11:28  Zergling x14  
  166  11:40  Roach x8  
  166  11:46  Roach x6  
  175  11:59  Roach x7  
  173  12:05  Roach x6  
  177  12:15  Roach x6  
  161  12:19  Ravager x5  
  161  12:21  Zergling x4  
  168  12:24  Zergling x12  
  174  12:33  Zergling x12  
  171  12:38  Zergling x4  
  171  12:42  Zergling x4  
  175  12:49  Zergling x4, Roach x2  
  168  12:53  Zergling x2  
  168  12:54  Zergling x2, Roach x2  
  168  12:56  Zergling x2  
  168  12:57  Zergling x4, Roach x2  
  153  13:04  Roach x4  
  137  13:09  Roach x3  
  133  13:13  Roach x3  
  133  13:18  Baneling  
  133  13:19  Baneling x2  
Show
View Real Time Build Order
Export as new Build Order

trigger Protoss - Winner!

Build Orders: Zealot Archon 

Get SALT Encoding   

  12  0:00  Probe  
  13  0:12  Probe  
  14  0:19  Pylon  
  14  0:24  Probe  
  15  0:37  Probe (Chrono Boost)  
  15  0:39  Gateway  
  16  0:46  Probe (Chrono Boost)  
  16  0:47  Assimilator  
  17  0:51  Probe  
  18  1:04  Probe  
  19  1:16  Probe, Gateway  
  20  1:21  Pylon  
  20  1:24  Zealot (Chrono Boost)  
  20  1:29  Cybernetics Core  
  20  1:32  Probe  
  23  1:43  Zealot  
  24  2:04  Probe  
  24  2:05  Adept  
  27  2:10  Adept  
  29  2:20  Nexus  
  29  2:24  Warp Gate  
  29  2:27  Probe  
  30  2:32  Assimilator  
  30  2:38  Pylon  
  30  2:44  Probe (Chrono Boost)  
  31  2:56  Adept  
  31  2:57  Adept, Probe (Chrono Boost)  
  36  3:09  Probe  
  33  3:21  Probe (Chrono Boost)  
  33  3:24  Stargate  
  34  3:32  Probe (Chrono Boost)  
  36  3:35  Probe (Chrono Boost)  
  37  3:41  Probe (Chrono Boost)  
  37  3:42  Probe (Chrono Boost)  
  37  3:47  Probe x2 (Chrono Boost)  
  40  3:59  Probe  
  40  4:00  Probe  
  40  4:05  Oracle (Chrono Boost)  
  43  4:11  Probe  
  43  4:12  Probe  
  45  4:19  Pylon  
  45  4:24  Probe x2  
  47  4:25  Adept x2  
  51  4:34  Nexus  
  51  4:36  Oracle (Chrono Boost), Probe x2, Pylon  
  56  4:47  Stalker  
  56  4:48  Probe x2  
  60  5:00  Probe x2, Assimilator  
  60  5:05  Assimilator  
  62  5:12  Probe x2  
  61  5:14  Oracle  
  61  5:17  Twilight Council  
  61  5:18  Adept x2  
  62  5:24  Probe (Chrono Boost)  
  62  5:25  Pylon  
  62  5:27  Probe (Chrono Boost)  
  64  5:33  Forge  
  65  5:36  Probe (Chrono Boost)  
  65  5:39  Adept x2  
  65  5:41  Probe (Chrono Boost)  
  65  5:42  Probe (Chrono Boost)  
  66  5:46  Probe  
  66  5:48  Probe  
  69  5:51  Probe (Chrono Boost)  
  69  5:55  Pylon  
  70  5:58  Probe (Chrono Boost)  
  70  6:00  Templar Archives  
  70  6:03  Probe (Chrono Boost), Gateway  
  73  6:04  Protoss Ground Weapons Level 1 (Chrono Boost)  
  73  6:05  Probe (Chrono Boost)  
  73  6:10  Gateway, Probe (Chrono Boost)  
  74  6:12  Probe (Chrono Boost)  
  74  6:19  Probe  
  74  6:20  Probe x2  
  74  6:22  Shield Battery  
  74  6:24  Assimilator  
  77  6:27  Charge, Pylon  
  77  6:28  Assimilator  
  77  6:31  Probe  
  77  6:36  Probe  
  77  6:37  Probe  
  77  6:38  High Templar x2  
  83  6:41  Pylon  
  83  6:43  Archon, Pylon  
  83  6:45  Probe (Chrono Boost)  
  83  6:49  Probe (Chrono Boost)  
  83  6:52  Probe (Chrono Boost)  
  82  6:57  Probe (Chrono Boost)  
  82  6:58  Robotics Facility  
  82  7:00  Probe (Chrono Boost)  
  85  7:01  Probe (Chrono Boost)  
  85  7:03  Probe (Chrono Boost)  
  85  7:05  Probe (Chrono Boost)  
  85  7:06  Gateway  
  85  7:07  Gateway  
  87  7:11  High Templar x2  
  87  7:12  Zealot x2  
  95  7:16  Archon  
  95  7:22  Gateway  
  95  7:26  Gateway  
  95  7:29  Gateway  
  95  7:32  Gateway  
  95  7:39  Psionic Storm  
  95  7:46  Immortal (Chrono Boost)  
  99  7:51  Zealot x3  
  99  7:52  Zealot  
  107  8:04  Probe x3  
  110  8:06  High Templar x2  
  110  8:08  Protoss Ground Weapons Level 2  
  114  8:16  High Templar  
  114  8:17  Nexus  
  114  8:18  Probe  
  117  8:20  Pylon  
  117  8:24  Pylon  
  117  8:26  Pylon  
  117  8:27  Pylon  
  117  8:37  Pylon  
  117  8:38  Immortal, Probe x2  
  117  8:40  High Templar  
  125  8:44  Blink (Chrono Boost)  
  125  8:51  Stalker x4  
  125  8:55  Probe x3  
  133  9:07  Zealot, Probe  
  136  9:12  Archon  
  136  9:14  Zealot x5  
  137  9:17  Immortal  
  137  9:19  Zealot x2  
  137  9:22  Zealot  
  124  9:33  Zealot  
  124  9:42  High Templar x5  
  124  9:45  Probe x2  
  136  9:46  Shield Battery  
  136  9:47  Zealot x2  
  136  9:49  Photon Cannon  
  136  9:50  Photon Cannon  
  138  9:54  Shield Battery  
  138  9:55  Probe x2  
  138  9:56  Pylon  
  135  10:15  Stalker x8  
  149  10:27  Photon Cannon  
  149  10:29  High Templar x2  
  149  10:34  Archon  
  153  10:36  Immortal (Chrono Boost)  
  153  10:42  Pylon  
  157  10:44  Pylon  
  157  10:45  Pylon  
  157  10:46  Assimilator  
  157  10:47  Zealot x6  
  157  10:49  Assimilator  
  167  10:58  Stalker x2  
  167  11:03  Stalker  
  173  11:13  Zealot x7  
  187  11:26  Zealot x2  
  175  11:33  Zealot x8  
  174  11:47  Stalker x2  
  174  11:48  Probe x2  
  174  11:49  Probe x2  
  174  11:54  Zealot x6  
  183  12:00  Probe x2  
  183  12:01  Probe  
  186  12:04  Zealot x2  
  154  12:17  Zealot x6  
  160  12:26  Zealot x4  
  164  12:39  Zealot  
  164  12:40  Zealot x5  
  158  12:52  Archon  
  158  12:53  Archon  
  148  13:01  Immortal (Chrono Boost)  
  128  13:05  High Templar x3  
  128  13:06  High Templar x7  
  128  13:10  Archon  
  128  13:11  Archon x3  
  140  13:13  Archon  
Tags
 
Add a new tag
Caveats
  • Supply blocks, unpowered buildings, or Contaminate may cause inaccurate times.
  • Supply counts are checked every 10 seconds.